 Dungeon Crawl Stone Soup version 0.18-a0-1570-gf60b0ab (webtiles) character file.

3288 Chiseanne the Unseen (level 9, -3/41 HPs)
             Began as a Spriggan Assassin on Mar 14, 2016.
             Slain by a wolf (10 damage)
             ... led by Grum
             ... on level 8 of the Dungeon.
             The game lasted 00:24:58 (7613 turns).

Chiseanne the Unseen (Spriggan Assassin)            Turns: 7613, Time: 00:24:58

Health: -3/41      AC:  6    Str:  7    XL:     9   Next: 69%
Magic:  10/10      EV: 27    Int: 13    God:
Gold:   458        SH:  0    Dex: 20    Spells: 0 memorised, 8 levels left

rFire  . . .     SeeInvis +     s - +3 quarterstaff (chaos)
rCold  . . .     Gourm    .     k - +2 robe {MR+}
rNeg   + . .     Faith    +     (shield currently unavailable)
rPois  .         Spirit   .     (helmet restricted)
rElec  .         Dismiss  .     d - +1 cloak
rCorr  .         Reflect  .     (gloves unavailable)
SustAt .         Harm     .     (boots unavailable)
MR     ++...                    b - amulet of faith
Stlth  ++++++++..               e - ring of stealth
                                j - ring of positive energy (curse)

@: very quick, very resistant to hostile enchantments, extraordinarily stealthy
A: unfitting armour, see invisible, herbivore 3, speed 3, slow metabolism 2
a: no special abilities


You were on level 8 of the Dungeon.
You were not hungry.

You visited 2 branches of the dungeon, and saw 9 of its levels.

You collected 458 gold pieces.

Inventory:

Hand Weapons
 a - a +3 dagger
 p - a +0 dagger of venom
 s - a +3 quarterstaff of chaos (weapon)
 w - a +0 blowgun
Missiles
 c - 53 sling bullets
 f - 2 curare-tipped needles
 i - 28 bolts
 l - 203 arrows
 v - 6 needles of sleeping
 x - 16 poisoned bolts
 D - 20 bolts of flame
 E - 16 poisoned needles
 I - 8 tomahawks (quivered)
 L - 22 arrows of frost
Armour
 d - a +1 cloak (worn)
 k - a +2 robe of magic resistance (worn)
Jewellery
 b - an amulet of faith (around neck)
 e - a ring of stealth (right hand)
 j - a cursed ring of positive energy (left hand)
 F - an uncursed ring of protection from cold
Wands
 H - a wand of teleportation (5/9)
 K - a wand of digging (10/24)
 M - a wand of disintegration (10/24)
Scrolls
 h - 3 scrolls of remove curse
 m - 2 scrolls of recharging
 r - 2 scrolls of teleportation
 t - 3 scrolls of blinking
 u - 2 scrolls of enchant armour
 y - 2 scrolls of fog
 G - a scroll of amnesia
Potions
 n - a potion of ambrosia {unknown}
 o - 5 potions of curing
 q - a potion of mutation {unknown}
 z - 2 potions of resistance {unknown}
 A - 2 potions of cancellation {unknown}
 B - a potion of might {unknown}
 C - 3 potions of heal wounds
 J - a potion of agility
Comestibles
 g - 3 bread rations


   Skills:
 - Level 1.5 Fighting
 + Level 7.7 Short Blades
 - Level 2.0 Throwing
 + Level 9.8 Dodging
 * Level 15.3 Stealth


You had 8 spell levels left.
You didn't know any spells.

Dungeon Overview and Level Annotations

Branches:
Dungeon (8/15)             Temple (1/1) D:5
   Lair: D:8-11

Altars:
Ashenzari
Cheibriados
Dithmenos
Fedhas
Kikubaaqudgha
Makhleb
Nemelex Xobeh
Okawaru
Pakellas
Qazlal
Ru
Sif Muna
Trog
Vehumet
Yredelemnul
Zin

Annotations:
D:7 namnharef's ghost, novice DDMo
D:8 Grum


Innate Abilities, Weirdness & Mutations

You are tiny and cannot use many weapons and most armour.
You have supernaturally acute eyesight.
You are a herbivore.
You cover ground extremely quickly.
You need consume almost no food.


Message History

The wolf completely misses you.
You hit the wolf.
The wolf is heavily wounded.
The wolf bites you!
You barely miss the wolf.
The wolf is heavily wounded.
The wolf completely misses you.
Wield which item (- for none, * to show all)? (? for menu, Esc to quit)
It is briefly surrounded by a scintillating aura of random colours.
s - a +3 quarterstaff of chaos (weapon)
The wolf misses you.
You barely miss the wolf.
The wolf is heavily wounded.
The wolf bites you!
* * * LOW HITPOINT WARNING * * *
The wolf completely misses you.
You miss the wolf.
The wolf is severely wounded.
The wolf bites you!
You die...

## #..# #.### #..#
#.@.# #..# #h#.#
#..# #.#.#
###+#..#.#.#.#
#......#..[..#
#......#####.##.##
#.....h..........#
#....<######.#####
#.....# #.#


You could see a wolf.

Vanquished Creatures
  Pikel (D:5)
  Sigmund (D:2)
  Menkaure (D:5)
  2 orc warriors (D:7)
  3 sky beasts
  2 black bears
  3 slaves (D:5)
  2 ogres
  5 centaurs
  2 giant frogs
  4 scorpions
  2 howler monkeys (D:6)
  2 giant frog zombies
  6 hounds
  2 jellies (D:5)
  3 orc priests (D:7)
  5 orc wizards (D:7)
  Crazy Yiuf (D:6)
  An iron imp (D:6)
  Terence (D:3)
  3 iguanas
  4 worker ants
  A killer bee zombie (D:7)
  A hound skeleton (D:5)
  A howler monkey zombie (D:6)
  5 adders
  4 oozes
  2 worms (D:2)
  3 dart slugs
  5 giant geckos
  18 orcs
  8 bats
  4 giant cockroaches
  8 goblins
  5 hobgoblins
  8 jackals
  3 quokkas
  3 ball pythons
  4 giant newts
  3 kobolds
  3 rats
145 creatures vanquished.

Vanquished Creatures (others)
  A yak (D:5)
1 creature vanquished.

Grand Total: 146 creatures vanquished

Notes
Turn   | Place    | Note
--------------------------------------------------------------
     0 | D:1      | Chiseanne the Spriggan Assassin began the quest for the Orb.
     0 | D:1      | Reached XP level 1. HP: 10/10 MP: 2/2
    74 | D:1      | Reached skill level 6 in Stealth
    98 | D:1      | Reached XP level 2. HP: 14/14 MP: 3/3
  1048 | D:2      | Reached XP level 3. HP: 7/18 MP: 4/4
  1547 | D:2      | Noticed Sigmund
  1549 | D:2      | Killed Sigmund
  1549 | D:2      | Reached skill level 8 in Stealth
  1549 | D:2      | Reached XP level 4. HP: 22/22 MP: 5/5
  1549 | D:2      | Reached XP level 5. HP: 25/25 MP: 6/6
  2188 | D:3      | Reached skill level 9 in Stealth
  2188 | D:3      | Reached XP level 6. HP: 20/30 MP: 7/7
  2294 | D:3      | Found a burning altar of Makhleb.
  2407 | D:3      | Noticed Terence
  2411 | D:3      | Killed Terence
  2704 | D:3      | Reached skill level 5 in Dodging
  3012 | D:4      | Found a stormy altar of Qazlal.
  3014 | D:4      | Found a blossoming altar of Fedhas.
  3395 | D:4      | Reached skill level 10 in Stealth
  3395 | D:4      | Reached XP level 7. HP: 33/33 MP: 8/8
  3919 | D:5      | Entered Level 5 of the Dungeon
  3982 | D:5      | Reached skill level 5 in Short Blades
  3982 | D:5      | Reached skill level 11 in Stealth
  4004 | D:5      | Noticed Menkaure
  4022 | D:5      | Found a staircase to the Ecumenical Temple.
  4067 | D:5      | Killed Menkaure
  4139 | D:5      | Reached XP level 8. HP: 34/37 MP: 9/9
  4369 | D:5      | Reached skill level 12 in Stealth
  4689 | D:5      | Noticed Pikel
  4938 | D:5      | Found an oddly glowing altar of Pakellas.
  4938 | D:5      | Noticed an orange crystal statue
  5051 | D:5      | Killed Pikel
  5051 | D:5      | Reached skill level 13 in Stealth
  5142 | Temple   | Entered the Ecumenical Temple
  5504 | D:6      | Found a snail-covered altar of Cheibriados.
  5682 | D:6      | Reached XP level 9. HP: 41/41 MP: 10/10
  5844 | D:6      | Reached skill level 14 in Stealth
  6288 | D:6      | Noticed Crazy Yiuf
  6294 | D:6      | Killed Crazy Yiuf
  6891 | D:7      | Noticed namnharef's ghost (novice DDMo)
  7207 | D:7      | Reached skill level 15 in Stealth
  7574 | D:8      | Noticed Grum
  7613 | D:8      | Slain by a wolf

Vault maps used:
D:1:      eino_arrival_water_star, roderic_lattice_a, serial_park_tiny_1
D:2:      uniq_sigmund
D:3:      makhleb_blood_cavern_becter, kennysheep_potato, uniq_terence
D:4:      grunt_temple_overflow_forces_of_nature, first_bread
D:5:      gammafunk_pakellas_statue_experiment, minmay_temple_entry_mist,
          uniq_menkaure, uniq_pikel
D:6:      st_stairs_5, chei_slow_surprise, uniq_crazy_yiuf_cottage
D:8:      nicolae_gozag_seed_capital, xom_butterflies, minmay_lair_entry_grove,
          serial_ice, serial_ice_g, serial_ice_a, serial_ice_l, serial_ice_m,
          serial_ice_e, serial_ice_h, serial_ice_d, serial_ice_b,
          grunt_ogre_cave, uniq_joseph, uniq_erolcha, uniq_grum
Temple:   circular_temple_12

Skill      XL: |  1  2  3  4  5  6  7  8  9 |
---------------+----------------------------+-----
Stealth        | 6 8 9 10 11 13 15 | 15.3
Dodging        | 2 4 5 6 8 9 |  9.8
Short Blades   | 3 4 5 6 7 |  7.7
Fighting       | |  1.5
Throwing       | |  2.0

Action                   |  1- 3 |  4- 6 |  7- 9 || total
-------------------------+-------+-------+-------++-------
Melee: Dagger            |    54 |   106 |   287 ||   447
       Quarterstaff      |       |       |     2 ||     2
 Fire: Blowgun           |       |    19 |    99 ||   118
Throw: Tomahawk          |       |       |     4 ||     4
  Use: Scroll            |     9 |     4 |     3 ||    16
 Stab: Sleeping          |    14 |    27 |    25 ||    66
       Distracted        |       |       |     1 ||     1
  Eat: Fruit             |       |       |     9 ||     9
